 Dungeon Crawl Stone Soup version 0.26.0-16-gc1dbca0489 (webtiles) character file.

Game seed: 10564273414711913976

92 iamoutofideas the Chiller (level 4, -1/30 HPs)
             Began as a Demonspawn Ice Elementalist on Jan 22, 2021.
             Killed by divine providence
             ... invoked by an orc priest
              (15 damage)
             ... on level 3 of the Dungeon.
             The game lasted 00:02:00 (2926 turns).

iamoutofideas the Chiller (DsIE)                    Turns: 2926, Time: 00:02:01

Health: -1/30      AC:  2    Str:  8    XL:     4   Next: 35%
Magic:  6/8        EV: 12    Int: 23    God:
Gold:   136        SH:  0    Dex: 14    Spells: 8/9 levels left

rFire    . . .     SeeInvis .   e - +2 dagger (venom)
rCold    . . .     Faith    .   (no shield)
rNeg     . . .     Spirit   .   a - +0 robe
rPois    .         Reflect  .   (no helmet)
rElec    .         Harm     .   (no cloak)
rCorr    .         Rampage  .   (no gloves)
Will     .....                  (no boots)
Stlth    ++........             (no amulet)
HPRegen  0.10/turn              c - +6 ring of intelligence
MPRegen  0.11/turn              (no ring)

@: no status effects
A: claws 2
a: no special abilities


You were on level 3 of the Dungeon.
You visited 1 branch of the dungeon, and saw 3 of its levels.

You collected 136 gold pieces.

Inventory:

Hand Weapons
 e - a +2 dagger of venom (weapon)
Armour
 a - a +0 robe (worn)
Jewellery
 c - a +6 ring of intelligence (left claw)
Scrolls
 f - a scroll of immolation
 g - a scroll of fear {unknown}
 h - a scroll of amnesia {unknown}
 i - a scroll of enchant weapon {unknown}
 j - a scroll of random uselessness {unknown}
 k - a scroll of remove curse {unknown}
 m - a scroll of teleportation {unknown}
Potions
 b - a potion of cancellation {unknown}
 d - 2 potions of might
 l - a potion of brilliance {unknown}


   Skills:
 - Level 1.9 Dodging
 - Level 1.8 Stealth
 + Level 3.2 Spellcasting
 + Level 4.6 Ice Magic


You had 8 spell levels left.
You knew the following spells:

 Your Spells              Type           Power        Failure   Level
a - Freeze                Ice            96%          1%          1

Your spell library contained the following spells:

 Spells                   Type           Power        Failure   Level
 Frozen Ramparts          Ice            48%          5%          3
 Ozocubu's Armour         Ice            24%          5%          3
 Hailstorm                Conj/Ice       14%          41%         4
 Summon Ice Beast         Ice/Summ       14%          41%         4


Dungeon Overview and Level Annotations

Branches:
Dungeon (3/15)

Altars:


Innate Abilities, Weirdness & Mutations

You have very sharp fingernails.


Message History

The orc wizard freezes you.
An orc priest comes into view. It is wielding a +0 whip.
The orc wizard hits you with a +1 dagger of freezing.
The orc wizard freezes you.
Casting: Freeze (safe; 1% risk of failure)
Confirm with . or Enter, or press ? or * to list all spells.
Aiming: Freeze (safe; 1% risk of failure)
Press: ? - help, Shift-Dir - straight line, f - orc wizard
Aim: an orc wizard, wielding a +1 dagger of freezing and wearing a +0 robe (moderately wounded, fast, very poisoned)
You freeze the orc wizard!
The orc wizard is almost dead.
The orc priest shouts!
You kill the orc wizard!
You have reached level 4!
You feel agile.
Your demonic ancestry asserts itself...
Your fingernails sharpen.
The orc priest calls down the wrath of Beogh upon you.
Beogh smites you!
Ouch! That really hurt!
You die...

## #.. #.# #.# #.#
#.#
#.################.#
#............)gol.o.
#.#####..###@######.
#..# #.............
#..# ##.....##.....
#..########.........
#.............# ##.
#...#######.<##
##...## #..# #.....#
#..# #.....######..#


You could see an orc priest, an orc, a hobgoblin and a frilled lizard.

Vanquished Creatures
  An orc wizard (D:3)
  An adder (D:2)
  An ooze (D:2)
  2 dart slugs (D:2)
  5 bats
  A giant cockroach (D:1)
  10 goblins
  11 hobgoblins
  4 kobolds
  A ball python (D:2)
  A frilled lizard (D:2)
  4 rats
42 creatures vanquished.

Notes
Turn   | Place    | Note
-------+----------+-------------------------------------------
     0 | D:1      | iamoutofideas the Demonspawn Ice Elementalist began the
                  | quest for the Orb.
     0 | D:1      | Reached XP level 1. HP: 13/13 MP: 3/3
   436 | D:1      | Gained mutation: You have sharp fingernails. [demonic
                  | ancestry]
   436 | D:1      | Reached XP level 2. HP: 10/19 MP: 0/5
   799 | D:1      | Reached skill level 4 in Ice Magic
  1700 | D:1      | Reached XP level 3. HP: 22/24 MP: 4/6
  2926 | D:3      | Gained mutation: You have very sharp fingernails. [demonic
                  | ancestry]
  2926 | D:3      | Reached XP level 4. HP: 14/30 MP: 6/8
  2926 | D:3      | Killed from afar by an orc priest

Illustrated notes

Levels and vault maps discovered:
D:1:      amcnicky_arrival_flooded_fountain, layout_basic
D:2:      layout_basic
D:3:      layout_loops_ring

Skill      XL: |  1  2  3 |
---------------+----------+-----
Ice Magic      | 4 |  4.6
Spellcasting   | 3 |  3.2
Dodging        | |  1.9
Stealth        | |  1.8

Action                   |  1- 3 |  4- 6 || total
-------------------------+-------+-------++-------
Melee: Unarmed           |    25 |       ||    25
       Dagger            |    29 |       ||    29
 Cast: Freeze            |    53 |       ||    53
  Use: Scroll            |     2 |       ||     2
 Stab: Sleeping          |     2 |       ||     2
Armor: Robe              |    16 |       ||    16
Dodge: Dodged            |    58 |       ||    58
